 Dungeon Crawl Stone Soup version 0.19.5 (webtiles) character file.

672 JeffiDaFish the Chiller (level 7, -5/45 HPs)
             Began as a High Elf Ice Elementalist on Mar 29, 2017.
             Killed from afar by Dowan (16 damage)
             ... with a shard of ice
             ... on level 4 of the Dungeon.
             The game lasted 00:16:19 (4777 turns).

JeffiDaFish the Chiller (High Elf Ice Elementalist) Turns: 4777, Time: 00:16:20

Health: -5/45      AC: 14    Str:  7    XL:     7   Next: 32%
Magic:  2/14       EV: 13    Int: 19    God:
Gold:   193        SH:  0    Dex: 18    Spells: 4 memorised, 4 levels left

rFire  + . .     SeeInvis .     c - +2 short sword (protect)
rCold  x . .     Gourm    .     h - +1 leather armour {MR+}
rNeg   . . .     Faith    .     (no shield)
rPois  .         Spirit   .     a - +0 helmet
rElec  .         Reflect  .     (no cloak)
rCorr  .         Harm     .     (no gloves)
MR     +....                    j - +2 pair of boots {run}
Stlth  ++........               (no amulet)
                                (no ring)
                                e - ring of fire

@: icy armour, very slightly contaminated
A: no striking features
a: no special abilities


You were on level 4 of the Dungeon.
You were near starving.

You visited 1 branch of the dungeon, and saw 4 of its levels.

You collected 193 gold pieces.

Inventory:

Hand Weapons
 c - a +2 short sword of protection (weapon)
Armour
 a - a +0 helmet (worn)
 h - a +1 leather armour of magic resistance (worn)
 j - a +2 pair of boots of running (worn)
Jewellery
 e - a ring of fire (left hand)
Wands
 l - a wand of digging (7/24)
Scrolls
 f - 5 scrolls of identify
 i - a scroll of remove curse
Potions
 n - a potion of beneficial mutation {unknown}
Books
 b - a book of Frost

   Spells                             Type                      Level
   a - Freeze                         Ice                          1
   b - Throw Frost                    Conjuration/Ice              2
   c - Ozocubu's Armour               Charms/Ice                   3
   d - Throw Icicle                   Conjuration/Ice              4
   e - Summon Ice Beast               Ice/Summoning                4
Comestibles
 d - 2 meat rations
 k - 5 fruits


   Skills:
 + Level 2.2 Fighting
 + Level 3.0 Short Blades
 + Level 1.6 Armour
 + Level 3.1 Dodging
 - Level 2.1 Stealth
 * Level 4.3 Spellcasting
 * Level 3.7 Conjurations
 + Level 1.3 Charms
 + Level 0.6 Summonings
 * Level 4.7 Ice Magic


You had 4 spell levels left.
You knew the following spells:

 Your Spells              Type           Power        Failure   Level  Hunger
a - Freeze                Ice            ###.         3%          1    None
b - Throw Frost           Conj/Ice       ###...       8%          2    #......
c - Ozocubu's Armour      Chrm/Ice       ###.....     17%         3    ###....
d - Summon Ice Beast      Ice/Summ       ##......     73%         4    ####...


Dungeon Overview and Level Annotations

Branches:
Dungeon (4/15)
 Temple: D:4-7

Altars:
Kikubaaqudgha
Uskayaw
Vehumet

Annotations:
D:4 Dowan


Message History

* * * LOW HITPOINT WARNING * * *
Dowan barely misses you. The worm misses you.
Casting: Freeze
Confirm with . or Enter, or press ? or * to list all spells.
Aiming: Freeze
Press: ? - help, Shift-Dir - straight line, f/p - Dowan
Aim: Dowan, wielding a dagger, wearing a robe and carrying a wand of digging {zapped: 1} (heavily wounded, fast)
You freeze Dowan.
Dowan is heavily wounded.
Dowan closely misses you.
Casting: Freeze
Confirm with . or Enter, or press ? or * to list all spells.
Aiming: Freeze
Press: ? - help, Shift-Dir - straight line, f/p - Dowan
Aim: Dowan, wielding a dagger, wearing a robe and carrying a wand of digging {zapped: 1} (heavily wounded, fast)
You freeze Dowan.
Dowan is almost dead.
Dowan points at you and mumbles some strange words.
The shard of ice hits you!
You feel a painful chill!
You die...

#####.##..##..#
#......#..##..#
####....#.#..##..#
........#....# ...
#####....##...###.#.
............>......
###.###.####..###.#
#e.......#..#
#.@##.##.#..#
#.w##.# #..# #..##.#
..# .#####.)##.# ..#
...........#
..#####.##.#
..#.#### #.#.# #.#.#


You could see Dowan and a worm.

Vanquished Creatures
  The ghost of Thoruru the Skirmisher, an amateur MiFi (D:3)
  Duvessa (D:4)
  An ogre (D:4)
  An orc wizard (D:4)
  An iguana (D:4)
  Ijyb (D:3)
  Natasha (thrice) (D:2)
  Robin (D:3)
  7 adders
  3 oozes
  5 worms
  2 dart slugs
  A leopard gecko (D:3)
  4 orcs
  4 giant cockroaches (D:1)
  16 goblins
  10 hobgoblins
  6 jackals
  5 quokkas
  2 ball pythons (D:2)
  A bat (D:2)
  3 frilled lizards
  7 kobolds
  6 rats
92 creatures vanquished.

Vanquished Creatures (others)
  A giant cockroach (D:3)
1 creature vanquished.

Grand Total: 93 creatures vanquished

Notes
Turn   | Place    | Note
-------+----------+-------------------------------------------
     0 | D:1      | JeffiDaFish the High Elf Ice Elementalist began the quest for the Orb.
     0 | D:1      | Reached XP level 1. HP: 11/11 MP: 4/4
   422 | D:1      | Reached XP level 2. HP: 11/17 MP: 0/6
   565 | D:1      | Learned a level 2 spell: Throw Frost
  1446 | D:2      | Reached XP level 3. HP: 22/22 MP: 4/8
  1516 | D:2      | Noticed Natasha
  1521 | D:2      | Killed Natasha
  1521 | D:2      | Reached skill level 1 in Fighting
  1523 | D:2      | Reached XP level 4. HP: 28/28 MP: 1/9
  1559 | D:2      | Learned a level 3 spell: Ozocubu's Armour
  1598 | D:2      | Found an ancient bone altar of Kikubaaqudgha.
  1679 | D:2      | Noticed Natasha
  1686 | D:2      | Killed Natasha
  1686 | D:2      | Reached skill level 1 in Short Blades
  1997 | D:2      | Noticed Natasha
  2073 | D:2      | Killed Natasha
  2073 | D:2      | Reached XP level 5. HP: 22/33 MP: 5/10
  2234 | D:2      | Reached skill level 1 in Armour
  2931 | D:3      | Noticed Thoruru's ghost (amateur MiFi)
  2962 | D:3      | Killed Thoruru's ghost
  2962 | D:3      | Reached XP level 6. HP: 7/39 MP: 0/12
  3253 | D:3      | Noticed Robin
  3292 | D:3      | Killed Robin
  3370 | D:3      | Found a hide-covered altar of Uskayaw.
  3597 | D:3      | Identified a +2 pair of boots of running (You found it on level 3 of the Dungeon)
  3962 | D:3      | Learned a level 4 spell: Summon Ice Beast
  3985 | D:3      | Noticed Ijyb
  4005 | D:3      | Killed Ijyb
  4164 | D:3      | Found a radiant altar of Vehumet.
  4440 | D:4      | Reached skill level 1 in Charms
  4440 | D:4      | Reached XP level 7. HP: 30/45 MP: 1/14
  4724 | D:4      | Noticed Duvessa
  4755 | D:4      | Killed Duvessa
  4766 | D:4      | Noticed Dowan
  4771 | D:4      | HP: 2/45 [Dowan/shard of ice (30)]
  4777 | D:4      | Killed from afar by Dowan

Skill      XL: |  1  2  3  4  5  6  7 |
---------------+----------------------+-----
Fighting       | 1 2 |  2.2
Spellcasting   | 3 4 |  4.3
Short Blades   | 1 2 3 |  3.0
Ice Magic      | 4 |  4.7
Conjurations   | 2 3 |  3.7
Armour         | 1 |  1.6
Charms         | 1 |  1.3
Dodging        | 3 |  3.1
Stealth        | |  2.1
Summonings     | |  0.6

Action                   |  1- 3 |  4- 6 |  7- 9 || total
-------------------------+-------+-------+-------++-------
Melee: Unarmed           |    11 |       |       ||    11
       Dagger            |    20 |   126 |     5 ||   151
       Hand axe          |     1 |       |       ||     1
       Short sword       |       |       |    28 ||    28
 Cast: Freeze            |    28 |    55 |    14 ||    97
       Throw Frost       |     9 |    56 |     7 ||    72
       Ozocubu's Armour  |       |     4 |     1 ||     5
Evoke: Wand              |       |     1 |     1 ||     2
  Use: Scroll            |     4 |     2 |       ||     6
       Potion            |       |     6 |     1 ||     7
 Stab: Distracted        |       |     2 |       ||     2
       Sleeping          |       |     2 |     1 ||     3
  Eat: Chunk             |     2 |     7 |       ||     9
       Bread ration      |       |     1 |       ||     1
Armor: Robe              |     7 |    14 |       ||    21
       Leather armour    |       |     7 |    11 ||    18
Dodge: Dodged            |    37 |    83 |    23 ||   143
